 Dungeon Crawl Stone Soup version 0.31-a0-1074-g0b22e4e0f1 (webtiles) character file.

Game seed: 3498415460605776278

44 backslashecho the Trooper (level 3, -4/29 HPs)
             Began as a Mummy Fighter on Dec 8, 2023.
             Blown up by Ijyb (15 damage)
             ... with a mindburst bolt
             ... on level 3 of the Dungeon.
             The game lasted 00:03:01 (1478 turns).

backslashecho the Trooper (Mummy Fighter)           Turns: 1478, Time: 00:03:01

Health: -4/29      AC:  6    Str: 27    XL:     3   Next: 41%
Magic:  3/3        EV:  9    Int:  7    God:
Gold:   43         SH:  4    Dex: 11    Spells: 2/2 levels left

rFire   x . .        a - +0 flail
rCold   + . .        c - +0 buckler
rNeg    + + +        b - +0 scale mail
rPois   ∞            (no helmet)
rElec   .            (no cloak)
rCorr   .            (no gloves)
SInv    .            (no boots)
Will    .....        (no amulet) Stlth
                     h - +6 ring of strength
HPRegen 0.24/turn    (no ring)
MPRegen 0.08/turn

%: faith
@: no status effects
A: cold resistance 1, negative energy resistance 3, torment resistance 2, heat
vulnerability 1, in touch with death 1, no potions, faith
a: no special abilities


You were on level 3 of the Dungeon.
You visited 1 branch of the dungeon, and saw 3 of its levels.

You collected 43 gold pieces.

Inventory:

Hand Weapons
 a - a +0 flail (weapon)
Missiles
 e - 10 stones (quivered)
Armour
 b - a +0 scale mail (worn)
 c - a +0 buckler (worn)
 i - a +0 pair of gloves
Jewellery
 h - a +6 ring of strength (left hand)
Scrolls
 d - 2 scrolls of identify {unknown}
 f - a scroll of vulnerability {unknown}
 g - a scroll of fog {unknown}


   Skills:
 + Level 3.4 Fighting
 * Level 2.5 Maces & Flails
 - Level 2.4 Armour
 + Level 2.8 Shields


You had 2 spell levels left.
You didn't know any spells.
Your spell library was empty.

Dungeon Overview and Level Annotations

Branches:
Dungeon (3/15)

Altars:

Annotations:
D:2 Sigmund
D:3 exclusion: upstairs, Ijyb


Innate Abilities, Weirdness & Mutations

You are immune to poison.
Your flesh is cold resistant. (rC+)
You are immune to negative energy. (rN+++)
You are immune to unholy pain and torment.
You are vulnerable to heat. (rF-)
You are in touch with the powers of death.
You do not drink.
You have a special connection with the divine. (Faith)


Message History

You climb downwards.
There is a stone staircase leading up here.
HP restored.
You see here a murky red potion.
You open the door.
There is an open door here.
You open the door.
There is an open door here.
A rat comes into view.
Health restored: 29 A rat is nearby!
An endoplasm comes into view.
The endoplasm quivers.
Found 10 gold pieces.
You sock the rat!
You kill the rat!
You completely miss the endoplasm. The endoplasm freezes you.
You are frozen.
You resist. The endoplasm freezes you.
You are frozen.
You resist.
You take 3 damage, and have 26/29 hp.
You hit the endoplasm.
The endoplasm is lightly wounded.
You block the endoplasm's attack.
You sock the endoplasm!
You kill the endoplasm!
No target in view!
Found a stone staircase leading down.
Health restored: 29 You now have 43 gold pieces (gained 10).
Ijyb the Twisted Goblin comes into view.
She is wielding a +2 spectral club, wearing a +3 leather armour of cold resistance and carrying a wand of mindburst.
Ijyb zaps a wand.
Your mind is blasted!
Ouch! That really hurt!
You take 17 damage, and have 12/29 hp.
MASSIVE DAMAGE!!
Unknown command.
You open the door.
Ijyb zaps a wand.
Your mind is blasted!
You take 3 damage, and have 9/29 hp.
There is an open door here.
You aren't carrying any items that you can evoke.
Unknown command.
A kobold comes into view. It is wielding a +0 club.
The kobold shouts!
The kobold throws a stone.
The stone barely misses you.
The kobold throws a stone.
The stone hits you.
You take 1 damage, and have 10/29 hp.
Ijyb screams, "Me very upset!"
You open the door.
Ijyb zaps a wand.
Your mind is blasted!
Ouch! That really hurt!
You die...

......### .........#
.........# #........#
#### #........# #...
#......K.#############...
+........'...............
#.......@######..........
#........######..........
#........................
#########g...............
#...........##...
########...........##...
.......'...........##...
.......#...........##...
.......'...........#####


You could see Ijyb and a kobold.

Vanquished Creatures
  A gnoll (D:1)
  3 endoplasms
  6 goblins
  6 hobgoblins
  4 jackals (D:1)
  3 quokkas
  A ball python (D:1)
  A frilled lizard (D:2)
  3 rats
28 creatures vanquished.

Notes
Turn   | Place    | Note
-------+----------+-------------------------------------------
     0 | D:1      | backslashecho the Mummy Fighter began the quest for the
                  | Orb.
     0 | D:1      | Reached XP level 1. HP: 18/18 MP: 1/1
    62 | D:1      | Reached XP level 2. HP: 7/24 MP: 2/2
   786 | D:1      | Reached XP level 3. HP: 29/29 MP: 3/3
  1093 | D:2      | Noticed Sigmund
  1467 | D:3      | Noticed Ijyb
  1478 | D:3      | Blown up by Ijyb

Illustrated notes

Levels and vault maps discovered:
D:1:      reono_arrival_forest_river, layout_loops_corners
D:2:      layout_rooms, serial_corexii_hall, corexii_hall_statues_s,
          chequers_hall_statues_wall_a, chequers_hall_statues_y,
          uniq_crazy_yiuf_cottage, uniq_sigmund
D:3:      layout_basic, dreamdust_ecumenical_altar_statues, uniq_ijyb

Skill      XL: |  1 |
---------------+----+-----
Maces & Flails | 2 |  2.5
Fighting       | |  3.4
Armour         | |  2.4
Shields        | |  2.8

Action                     || total
---------------------------++-------
  Melee: Flail             ||    81
  Throw: Stone             ||     1
 Armour: Scale mail        ||    63
  Dodge: Dodged            ||    32
  Block: Buckler           ||    17

Table legend: (Time is in decaauts)
 A = Elapsed time spent in this place.
 B = Non-inter-level travel time spent in this place.
 C = Inter-level travel time spent in this place.
 D = Time resting spent in this place.
 E = Time spent auto-exploring this place.
 F = Levels seen in this place.
 G = Mean time per level.
                   A        B        C        D        E       F      G
               +--------+--------+--------+--------+--------+-----+--------+
         Total |   1507 |   1422 |     85 |    200 |    942 |   3 |  502.3 |
       Dungeon |   1507 |   1422 |     85 |    200 |    942 |   3 |  502.3 |
               +--------+--------+--------+--------+--------+-----+--------+

Top non-repeatable levels by time:
     D:1: 1176 daAuts
     D:3: 260 daAuts
     D:2: 70 daAuts
